 Dungeon Crawl Stone Soup version 0.18-a0-912-g81d1dc4 (webtiles) character file.

305 root the Cudgeler (level 6, -1/99 HPs)
             Began as an Ogre Berserker on Dec 25, 2015.
             Was a Priest of Trog.
             Slain by an orc
             ... wielding a +0 hand axe
              (3 damage)
             ... on level 4 of the Dungeon.
             The game lasted 00:15:06 (4037 turns).

root the Cudgeler (Ogre Berserker)                  Turns: 4037, Time: 00:15:06

Health: -1/99      AC:  3    Str: 30    XL:     6   Next: 39%
Magic:  6/6        EV: 11    Int:  6    God:    Trog [***...]
Gold:   188        SH:  0    Dex:  9    Spells: 0 memorised, 5 levels left

rFire  + . .     SeeInvis .     s - +0 morningstar
rCold  . . .     Gourm    .     b - +0 animal skin
rNeg   . . .     Faith    .     (no shield)
rPois  .         Spirit   .     (helmet restricted)
rElec  .         Dismiss  .     (no cloak)
rCorr  .         Reflect  .     (gloves unavailable)
SustAt .         Harm     .     (boots unavailable)
MR     .....                    (no amulet)
Stlth  ..........               (no ring)
                                q - ring of protection from fire

@: berserking (expiring), very quick, not resistant to hostile enchantments,
extremely unstealthy
A: unfitting armour, tough skin 1
a: Berserk, Trog's Hand, Burn Spellbooks, Renounce Religion


You were on level 4 of the Dungeon.
You worshipped Trog.
Trog was most pleased with you.
You were hungry.

You visited 1 branch of the dungeon, and saw 4 of its levels.

You collected 188 gold pieces.

Inventory:

Hand Weapons
 a - a +0 mace
 s - a +0 morningstar (weapon)
Armour
 b - a +0 animal skin (worn)
Jewellery
 q - a ring of protection from fire (left hand)
Wands
 f - a wand of fire (8/15)
Scrolls
 e - a scroll of blinking {unknown}
 j - 3 scrolls of enchant weapon {unknown}
 k - 3 scrolls of identify {unknown}
 l - a scroll of teleportation {unknown}
 m - a scroll of recharging {unknown}
 n - 3 scrolls of remove curse {unknown}
 o - 2 scrolls of amnesia {unknown}
Potions
 g - 3 potions of curing {unknown}
 h - a potion of invisibility {unknown}
 r - a potion of flight {unknown}
Comestibles
 c - 4 bread rations
 d - a meat ration
 i - a beef jerky
 p - 6 chunks of flesh


   Skills:
 + Level 5.5 Fighting
 + Level 6.0 Maces & Flails
 + Level 4.7 Dodging


You had 5 spell levels left.
You didn't know any spells.

Dungeon Overview and Level Annotations

Branches:
Dungeon (4/15)             Temple (0/1) D:4

Altars:
Pakellas
Trog


Innate Abilities, Weirdness & Mutations

You are too large for most types of armour.
You have tough skin (AC +1).


Message History

The magic dart hits you!
* * * LOW HITPOINT WARNING * * *
The orc wizard gestures wildly while chanting.
The orc wizard blinks!
You closely miss the orc. The orc hits you with a short sword.
* * * LOW HITPOINT WARNING * * *
You bludgeon the orc!!
You kill the orc!
Trog accepts your kill.
Your skin stops crawling.
You feel less resistant to hostile enchantments.
You closely miss the orc wizard.
The orc wizard is heavily wounded.
The orc wizard hits you but does no damage.
You barely miss the orc wizard.
The orc wizard is heavily wounded.
The orc wizard hits you with a dagger.
* * * LOW HITPOINT WARNING * * *
The orc hits you with a hand axe.
You die...

#..............# ##
#..............#
#.....(........####
##.................
#.........########
+.........###
#...........#
#o..........#
#@).........#
......o####'#.....'..
#...... #.#.....###
+...... ..........
#...... ##.#.....###
#...... #.#.....#
#...... #.......#
#...... #########


You could see an orc wizard and an orc.

Vanquished Creatures
  A hound (D:4)
  2 orc wizards (D:4)
  Jessica (D:3)
  An orc priest (D:4)
  An iguana (D:3)
  A gnoll (D:1)
  2 adders (D:2)
  An ooze (D:3)
  4 worms
  2 giant geckos
  13 orcs
  3 giant cockroaches
  9 goblins
  8 hobgoblins
  4 jackals (D:2)
  3 quokkas
  A ball python (D:1)
  11 bats
  2 giant newts
  10 kobolds
  9 rats
89 creatures vanquished.

Notes
Turn   | Place    | Note
--------------------------------------------------------------
     0 | D:1      | root the Ogre Berserker began the quest for the Orb.
     0 | D:1      | Reached XP level 1. HP: 24/24 MP: 1/1
   258 | D:1      | Reached XP level 2. HP: 20/32 MP: 2/2
   545 | D:1      | Reached ** piety under Trog
   721 | D:1      | Reached XP level 3. HP: 19/39 MP: 3/3
  1299 | D:2      | Noticed a moth of wrath
  1301 | D:2      | Found a bloodstained altar of Trog.
  1553 | D:2      | Reached skill level 5 in Maces & Flails
  1553 | D:2      | Reached XP level 4. HP: 30/49 MP: 4/4
  2700 | D:3      | HP: 2/49 [iguana (8)]
  2701 | D:3      | Reached *** piety under Trog
  2701 | D:3      | Reached XP level 5. HP: 2/55 MP: 5/5
  3096 | D:3      | Noticed Jessica
  3188 | D:3      | Killed Jessica
  3217 | D:3      | Found an oddly glowing altar of Pakellas.
  3585 | D:4      | Found a staircase to the Ecumenical Temple.
  3605 | D:4      | Reached skill level 5 in Fighting
  3923 | D:4      | Reached XP level 6. HP: 54/66 MP: 6/6
  4025 | D:4      | Reached skill level 6 in Maces & Flails
  4029 | D:4      | HP: 2/66 [orc/club (4)]
  4037 | D:4      | HP: 2/99 [orc wizard/dagger (3)]
  4037 | D:4      | Slain by an orc

Vault maps used:
D:1:      grunt_arrival_crossed_arrows, minmay_fountain_box, minmay_door_square
D:2:      tgw_trog, first_bread, nicolae_underground_beach
D:3:      grunt_pakellas_salt, uniq_jessica
D:4:      lemuel_coloured_pillars_altar, minmay_temple_entry_purple_smoke,
          serial_shops, kennysheep_mini_moat, uniq_duvessa,
          uniq_crazy_yiuf_cottage

Action                   |  1- 3 |  4- 6 || total
-------------------------+-------+-------++-------
Melee: Mace              |   115 |   124 ||   239
       Morningstar       |       |    34 ||    34
Invok: Berserk           |       |     1 ||     1
       Trog's Hand       |       |     1 ||     1
  Eat: Chunk             |     2 |     8 ||    10
